 Dungeon Crawl Stone Soup version 0.23-a0-143-g1adec7b (webtiles) character file.

329 mopl the Chopper (level 6, -8/47 HPs)
             Began as a Formicid Monk on Sept 3, 2018.
             Mangled by an ogre
             ... wielding a +0 giant club
              (9 damage)
             ... on level 4 of the Dungeon.
             The game lasted 00:03:56 (3627 turns).

mopl the Chopper (Formicid Monk)                    Turns: 3627, Time: 00:03:57

Health: -8/47      AC:  7    Str: 18    XL:     6   Next: 80%
Magic:  15/15      EV: 10    Int:  9    God:
Gold:   120        SH:  0    Dex: 13    Spells: 5/5 levels left

rFire    . . .     SeeInvis +   a - +0 hand axe
rCold    . . .     Gourm    .   (no shield)
rNeg     . . .     Faith    .   d - +0 scale mail
rPois    .         Spirit   .   (helmet unavailable)
rElec    .         Reflect  .   (no cloak)
rCorr    +         Harm     .   g - +0 pair of gloves
MR       .....                  (no boots)
Stlth    +.........             (no amulet)
HPRegen  0.15/turn              h - ring of resist corrosion
MPRegen  0.14/turn              l - ring of magical power

@: no status effects
A: permanent stasis, dig shafts and tunnels, four strong arms, antennae 3
a: Dig, Shaft Self


You were on level 4 of the Dungeon.
You were very hungry.

You visited 1 branch of the dungeon, and saw 4 of its levels.

You collected 120 gold pieces.

Inventory:

Hand Weapons
 a - a +0 hand axe (weapon)
Missiles
 e - 8 needles of sleeping
 i - 8 poisoned needles
 k - 52 arrows
 n - 18 bolts
Armour
 b - a +0 robe
 d - a +0 scale mail (worn)
 g - a +0 pair of gloves (worn)
Jewellery
 h - a ring of resist corrosion (left hand)
 l - a ring of magical power (right hand)
Scrolls
 f - a scroll of teleportation {unknown}
 m - a scroll of amnesia {unknown}
Potions
 j - a potion of lignification {!q}
 o - a potion of haste
 p - 2 potions of might
 q - a potion of mutation {unknown}
Comestibles
 c - 5 rations


   Skills:
 - Level 3.2 Fighting
 + Level 7.1 Axes
 - Level 2.6 Dodging
 - Level 2.4 Stealth


You had 5 spell levels left.
You didn't know any spells.
Your spell library was empty.

Dungeon Overview and Level Annotations

Branches:
Dungeon (4/15)
 Temple: D:4-7

Altars:
Ashenzari
Wu Jian


Innate Abilities, Weirdness & Mutations

You cannot be hasted, slowed, berserked, paralysed or teleported.
You can dig through walls and to a lower floor.
Your four strong arms can wield two-handed weapons with a shield.
You have a pair of large antennae on your head. (SInv)


Message History

You are too injured to fight recklessly!
You are too injured to fight recklessly!
You are too injured to fight recklessly!
You are too injured to fight recklessly!
You are too injured to fight recklessly!
You are too injured to fight recklessly!
You are too injured to fight recklessly!
You are too injured to fight recklessly!
You are too injured to fight recklessly!
You are too injured to fight recklessly!
You hit the ogre.
The ogre is severely wounded.
You hit the ogre.
The ogre is severely wounded.
The ogre hits you with a giant club!!
* * * LOW HITPOINT WARNING * * *
You hit the ogre but do no damage.
The ogre is severely wounded.
The ogre hits you with a giant club!
You die...

##### #...# ### #.#.#
#.. #.#.# #.. #.#.# #.#
#########.#.#.# #.#
#.....#.#.#.#.# #.#
#...@.#.#.#.# #.#
.....#O#.#.#.#.#######.#
.$. #.#.#.#.#..........
. #.#.#.#.#########.#
#.#.#.#............
#.#........######.#
#.###.............. ..
######.######.. .# #..


You could see an ogre.

Vanquished Creatures
  A scorpion (D:4)
  An orc priest (D:3)
  A centaur skeleton (D:4)
  3 orc wizards (D:3)
  3 gnolls (D:3)
  2 adders (D:2)
  3 oozes
  3 worms (D:3)
  2 dart slugs
  2 leopard geckos
  4 orcs (D:3)
  A ball python (D:1)
  5 giant cockroaches
  4 goblins
  6 hobgoblins
  3 jackals (D:3)
  3 quokkas (D:3)
  8 bats
  2 frilled lizards
  10 kobolds
  3 rats (D:1)
70 creatures vanquished.

Notes
Turn   | Place    | Note
-------+----------+-------------------------------------------
     0 | D:1      | mopl the Formicid Monk began the quest for the Orb.
     0 | D:1      | Reached XP level 1. HP: 18/18 MP: 1/1
    23 | D:1      | Reached XP level 2. HP: 13/24 MP: 2/2
   457 | D:1      | Reached skill level 4 in Axes
   457 | D:1      | Reached XP level 3. HP: 29/29 MP: 3/3
  1093 | D:2      | Reached XP level 4. HP: 24/35 MP: 4/4
  1108 | D:2      | Found a shattered altar of Ashenzari.
  1466 | D:2      | Reached skill level 5 in Axes
  1729 | D:3      | Reached XP level 5. HP: 12/41 MP: 5/5
  2015 | D:3      | Reached skill level 6 in Axes
  2088 | D:3      | Reached XP level 6. HP: 39/47 MP: 6/6
  2484 | D:3      | Found an ornate altar of the Wu Jian Council.
  3382 | D:4      | Reached skill level 7 in Axes
  3617 | D:4      | Noticed an ogre
  3626 | D:4      | HP: 1/47 [ogre/giant club (22)]
  3627 | D:4      | Mangled by an ogre

Vault maps used:
D:1:      saegor_arrival_simple_b, minmay_octomino_j4
D:2:      lemuel_coloured_pillars_altar, minivault_19, serial_bayou_lagoon_b
D:3:      old_standard_altar
D:4:      serial_shops, nicolae_shop_competitors_out_of_business,
          minmay_liquid_box, nicolae_zen_rock_garden, uniq_eustachio,
          uniq_sigmund

Skill      XL: |  1  2  3  4  5  6 |
---------------+-------------------+-----
Axes           | 4 5 6 7 |  7.1
Fighting       | |  3.2
Dodging        | |  2.6
Stealth        | |  2.4

Action                   |  1- 3 |  4- 6 || total
-------------------------+-------+-------++-------
Melee: Hand axe          |    90 |   222 ||   312
       Short sword       |    11 |       ||    11
 Abil: Dig               |       |     1 ||     1
  Use: Scroll            |     1 |     3 ||     4
       Potion            |     1 |       ||     1
 Stab: Sleeping          |     1 |       ||     1
  Eat: Chunk             |     1 |     7 ||     8
Armor: Robe              |     2 |       ||     2
       Scale mail        |    38 |    75 ||   113
Dodge: Dodged            |    83 |    95 ||   178

Table legend:
 A = Non-vault XP
 B = Vault XP
 C = Vault XP percentage of total XP
 D = Non-vault monster count
 E = Vault monster count
 F = Vault count percentage of total count
                 A         B        C        D         E       F
            +---------+---------+-------+---------+---------+-------
      Total |     466 |       4 |   0.9 |      67 |       3 |   4.3
            +---------+---------+-------+---------+---------+-------
        D:1 |      40 |       4 |   9.1 |      20 |       3 |  13.0
        D:2 |      61 |       0 |   0.0 |      16 |       0 |   0.0
        D:3 |     252 |       0 |   0.0 |      29 |       0 |   0.0
        D:4 |     113 |       0 |   0.0 |       2 |       0 |   0.0
            +---------+---------+-------+---------+---------+-------
